AoeStats
← 一条固执的鱼

African Clearing

506448268Analyzed
3v3 RM · 19d ago on Sep 13, 2026· 44m 13s· 6 players
Game mode
Random Map
Map size
Normal (6 player)
Population
200
Speed
Normal
Resources
Standard
Victory
Conquest
Starting age
Dark Age
Ending age
Imperial Age
RankedLock teamsTeams togetherTeam positionsShared explorationLock speedFull tech treeHidden civsTurbo modeCheats
Victory
Defeat
🇨🇳 Bengalis · China
1202
+15
🇨🇳 Japanese · China
1179
+16
🇨🇳 Malay · China
1167
+16
🇨🇴 Huns · Colombia
1279
-21
🇨🇴 Vikings · Colombia
1122
-13
🇨🇴 Franks · Colombia
1119
-13
[VL]Vera_AoE
8:55 Loom
12:20 Feudal Age
12:52 Double-Bit Axe
13:04 Horse Collar
24:00 Castle Age
22:20 Gold Mining
22:36 Fletching
24:10 Bloodlines
24:30 Padded Archer Armor
24:41 Bodkin Arrow
25:18 Bow Saw
29:36 Leather Archer Armor
29:09 Town Watch
29:09 Town Watch
30:24 Heavy Plow
31:44 Wheelbarrow
33:35 Husbandry
40:09 Imperial Age
38:34 Ballistics
41:00 Thumb Ring
41:03 Bracer
42:26 Chemistry
simon.ruiz
4:34 Loom
14:59 Feudal Age
15:28 Double-Bit Axe
36:35 Castle Age
37:45 Pikeman
42:58 Bow Saw
juand1011
8:58 Loom
15:42 Feudal Age
19:51 Castle Age
17:49 Double-Bit Axe
20:58 Forging
21:50 Scale Barding Armor
24:12 Pikeman
37:44 Wheelbarrow
38:57 Iron Casting
39:44 Gold Mining
40:15 Husbandry
44:00 Gold Shaft Mining
一条固执的鱼
6:39 Loom
14:22 Feudal Age
18:38 Castle Age
16:50 Double-Bit Axe
17:03 Stone Mining
23:14 Forging
26:26 Scale Mail Armor
27:55 Chain Mail Armor
28:52 Squires
29:37 Bow Saw
29:24 Arson
33:08 Wheelbarrow
33:41 Horse Collar
35:33 Hand Cart
38:39 Imperial Age
36:26 Arson
36:03 Pikeman
37:21 Iron Casting
36:40 Gold Mining
40:34 Plate Mail Armor
41:05 Blast Furnace
40:33 Halberdier
44:53 Conscription
809591945
6:23 Loom
14:30 Feudal Age
17:15 Castle Age
15:11 Double-Bit Axe
16:29 Scale Barding Armor
16:44 Town Watch
17:26 Forging
20:29 Wheelbarrow
23:03 Gold Mining
24:32 Husbandry
25:42 Iron Casting
29:58 Bow Saw
29:32 Horse Collar
34:14 Padded Archer Armor
34:05 Fletching
33:54 Elite Skirmisher
37:07 Imperial Age
35:00 Hand Cart
36:59 Bodkin Arrow
37:20 Leather Archer Armor
37:39 Ballistics
40:08 Ring Archer Armor
39:40 Bracer
42:12 Elite Battle Elephant
45:05 Blast Furnace
44:44 Town Patrol
沉着 冷静
8:35 Loom
10:59 Feudal Age
12:05 Town Watch
16:57 Double-Bit Axe
18:11 Wheelbarrow
25:33 Castle Age
28:13 Bow Saw
28:08 Fletching
33:00 Horse Collar
33:55 Sanctity
33:48 Fervor
41:36 Guard Tower
41:46 Bodkin Arrow
42:15 Ballistics
Connection lost

Rejoining the realm…

Still unreachable

The connection could not be restored.

Session expired

The server has moved on; the page needs a fresh start.